 Dungeon Crawl Stone Soup version 0.20.1-1-g8b1a95d (console) character file.

541 hilaritas the Conjurer (level 7, -1/40 HPs)
             Began as a Deep Elf Air Elementalist on Jan 26, 2018.
             Slain by Grinder (3 damage)
             ... while paralysed by Grinder
             ... on level 5 of the Dungeon.
             The game lasted 00:15:01 (5763 turns).

hilaritas the Conjurer (Deep Elf Air Elementalist)  Turns: 5763, Time: 00:15:02

Health: -1/40      AC:  4    Str:  5    XL:     7   Next: 5%
Magic:  11/16      EV:  2    Int: 22    God:
Gold:   178        SH:  0    Dex: 15    Spells: 4/16 levels left

rFire    + . .     SeeInvis .   j - +3 whip (elec)
rCold    . . .     Gourm    .   u - +0 buckler
rNeg     . . .     Faith    .   a - +0 robe
rPois    .         Spirit   .   (no helmet)
rElec    .         Reflect  +   (no cloak)
rCorr    .         Harm     .   (no gloves)
MR       +....                  m - +1 pair of boots
Stlth    ++........             q - +2 amulet of reflection
Regen    0.2/turn               e - ring of protection from magic
MPRegen  0.2/turn               v - ring of protection from fire

@: paralysed, very slightly contaminated
A: no striking features
a: no special abilities


You were on level 5 of the Dungeon.
You were not hungry.

You visited 1 branch of the dungeon, and saw 5 of its levels.

You collected 178 gold pieces.

Inventory:

Hand Weapons
 j - a +3 whip of electrocution (weapon)
Armour
 a - a +0 robe (worn)
 m - a +1 pair of boots (worn)
 u - a +0 buckler (worn)
Jewellery
 e - a ring of protection from magic (left hand)
 q - a +2 amulet of reflection (around neck)
 v - a ring of protection from fire (right hand)
Wands
 i - a wand of clouds (1/9)
 s - a wand of confusion (21/48)
Scrolls
 r - 2 scrolls of remove curse
Potions
 f - a potion of invisibility
 g - a potion of brilliance
 k - a potion of heal wounds
 l - a potion of lignification
 o - 3 potions of curing
 t - a potion of might {unknown}
Books
 b - a book of Air

   Spells                             Type                      Level
   a - Shock                          Conjuration/Air              1
   b - Swiftness                      Charms/Air                   2
   c - Static Discharge               Conjuration/Air              3
   d - Airstrike                      Air                          4
   e - Lightning Bolt                 Conjuration/Air              5
Comestibles
 c - 7 bread rations
 d - a royal jelly
 h - 4 chunks of flesh
 n - 2 meat rations
 p - 7 fruits


   Skills:
 - Level 2.6 Fighting
 - Level 3.8 Dodging
 - Level 2.4 Stealth
 * Level 1.0 Shields
 + Level 5.1 Spellcasting
 - Level 5.4 Conjurations
 - Level 3.0 Air Magic


You had 4 spell levels left.
You knew the following spells:

 Your Spells              Type           Power        Failure   Level  Hunger
a - Shock                 Conj/Air       ###.         2%          1    None
b - Swiftness             Chrm/Air       ##......     12%         2    None
c - Airstrike             Air            ###.......   38%         4    ####...
d - Lightning Bolt        Conj/Air       ###.......   56%         5    #####..


Dungeon Overview and Level Annotations

Branches:
Dungeon (5/15)
 Temple: D:4-7

Altars:
Dithmenos
Ru
Uskayaw

Annotations:
D:5 Grinder


Message History

Okay, then.
You block Grinder's attack.
The iguana hisses menacingly.
The iguana bites you.
Casting: Shock
Confirm with . or Enter, or press ? or * to list all spells.
Aiming: Shock
Press: ? - help, Shift-Dir - straight line, f/p - Grinder
Aim: Grinder (moderately wounded)
You miscast Shock.
You are very lightly contaminated with residual magic.
Nothing appears to happen.
Grinder gestures at you.
You suddenly lose the ability to move!
The iguana barely misses you. Grinder hits you! The iguana bites you!
Grinder barely misses you. The iguana bites you! Grinder hits you!
* * * LOW HITPOINT WARNING * * *
You writhe in agony.
You die...

#....# +....#
#...<#
#....####
#....#..#
#....'..#
#....#..#
#....#..#
#####....#..#
#........#+##.
#.....@......#
#.....5l.....#
#............+
#............#
#....#+##....#
#.... .[..+
#..(. ....#
#.... ...#
#....


You could see Grinder and an iguana.

Vanquished Creatures
  An ogre (D:4)
  A hound (D:4)
  3 orc wizards
  Ijyb (D:3)
  Terence (D:3)
  2 worker ants (D:3)
  A hound skeleton (D:4)
  3 gnolls (D:3)
  11 adders
  An adder skeleton (D:4)
  A worm (D:4)
  3 dart slugs
  3 leopard geckos
  9 orcs
  9 bats
  3 giant cockroaches
  8 hobgoblins
  3 jackals (D:2)
  4 kobolds
  3 ball pythons
  8 frilled lizards
  10 goblins
  9 rats
98 creatures vanquished.

Notes
Turn   | Place    | Note
-------+----------+-------------------------------------------
     0 | D:1      | hilaritas the Deep Elf Air Elementalist began the quest for the Orb.
     0 | D:1      | Reached XP level 1. HP: 10/10 MP: 6/6
   281 | D:1      | Reached XP level 2. HP: 16/16 MP: 6/8
   285 | D:1      | Learned a level 2 spell: Swiftness
   530 | D:1      | Reached skill level 1 in Fighting
  1138 | D:2      | Reached XP level 3. HP: 18/20 MP: 2/9
  1631 | D:2      | Found a shadowy altar of Dithmenos.
  2112 | D:2      | Reached XP level 4. HP: 23/25 MP: 6/10
  2171 | D:2      | Learned a level 4 spell: Airstrike
  2242 | D:2      | Found a hide-covered altar of Uskayaw.
  2906 | D:3      | Reached XP level 5. HP: 14/30 MP: 1/11
  2932 | D:3      | HP: 3/30 [poisoned by a worker ant]
  3286 | D:3      | Noticed Ijyb
  3305 | D:3      | Killed Ijyb
  3483 | D:3      | Noticed Terence
  3489 | D:3      | Killed Terence
  3837 | D:3      | Reached skill level 5 in Conjurations
  3984 | D:3      | Reached XP level 6. HP: 27/35 MP: 7/12
  4902 | D:4      | Learned a level 5 spell: Lightning Bolt
  5210 | D:4      | Found a sacrificial altar of Ru.
  5398 | D:4      | Reached skill level 1 in Shields
  5398 | D:4      | Reached skill level 5 in Spellcasting
  5398 | D:4      | Reached XP level 7. HP: 12/40 MP: 11/16
  5742 | D:5      | Entered Level 5 of the Dungeon
  5748 | D:5      | Noticed Grinder
  5760 | D:5      | Paralysed by Grinder for 6 turns
  5763 | D:5      | HP: 2/40 [Grinder (8)]
  5763 | D:5      | Slain by Grinder

Skill      XL: |  1  2  3  4  5  6 |
---------------+-------------------+-----
Fighting       | 1 2 |  2.6
Conjurations   | 2 3 4 5 |  5.4
Dodging        | 3 |  3.8
Spellcasting   | 5 |  5.1
Shields        | 1 |  1.0
Stealth        | |  2.4
Air Magic      | |  3.0

Action                   |  1- 3 |  4- 6 |  7- 9 || total
-------------------------+-------+-------+-------++-------
Melee: Whip              |     5 |    14 |       ||    19
       Unarmed           |     2 |       |       ||     2
 Cast: Shock             |    77 |   141 |    18 ||   236
  Use: Scroll            |     8 |     5 |       ||    13
       Potion            |       |     1 |       ||     1
  Eat: Chunk             |     3 |    10 |     1 ||    14
Armor: Robe              |     2 |    10 |       ||    12
       Skin              |       |     2 |       ||     2
Dodge: Dodged            |    16 |    32 |     2 ||    50
Block: Buckler           |       |       |     1 ||     1
